 Dungeon Crawl Stone Soup version 0.20.1-1-g8b1a95d (webtiles) character file.

31867 dstrtn the Spry (level 13, -7/60 HPs)
             Began as a Spriggan Necromancer on Nov 23, 2017.
             Was a High Priest of Makhleb.
             Killed from afar by Frances (67 damage)
             ... with an iron shot
             ... on level 13 of the Dungeon.
             The game lasted 02:41:16 (22105 turns).

dstrtn the Spry (Spriggan Necromancer)             Turns: 22105, Time: 02:41:23

Health: -7/60      AC:  8    Str:  9    XL:     13   Next: 28%
Magic:  22/27      EV: 34    Int: 27    God:    Makhleb [*****.]
Gold:   172        SH:  0    Dex: 20    Spells: 2/30 levels left

rFire    + + .     SeeInvis +   l - +0 dagger (venom)
rCold    + . .     Gourm    .   (shield restricted)
rNeg     . . .     Faith    .   x - +0 robe of the Orcish Mines {rF+ rC++ Int+3 Dex-2}
rPois    +         Spirit   .   Y - +0 mask of the Dragon {MR+ Slay+3 SInv}
rElec    .         Reflect  .   N - +2 cloak {+Inv}
rCorr    .         Harm     .   (gloves unavailable)
MR       +++..                  (boots unavailable)
Stlth    +++++.....             k - amulet of regeneration
Regen    0.6/turn               a - +3 ring of protection
MPRegen  0.2/turn               T - ring "Rehupt" {Fire rPois Str+4 Int+4 Dex+5}

@: very quick
A: unfitting armour, see invisible, herbivore 3, speed 3, slow metabolism 2
a: Minor Destruction, Lesser Servant of Makhleb, Major Destruction, Greater
Servant of Makhleb, Renounce Religion, Evoke Invisibility


You were on level 13 of the Dungeon.
You worshipped Makhleb.
Makhleb was extremely pleased with you.
You were not hungry.

You visited 2 branches of the dungeon, and saw 19 of its levels.

You collected 1235 gold pieces.
You spent 1063 gold pieces at shops.

Inventory:

Hand Weapons
 l - a +0 dagger of venom (weapon)
 M - a +1 short sword of speed
Missiles
 h - 86 sling bullets
 o - 10 tomahawks (quivered)
 r - 147 bolts
 I - 7 tomahawks of dispersal
Armour
 x - the +0 robe of the Orcish Mines (worn) {rF+ rC++ Int+3 Dex-2}
   (You bought it in a shop on level 4 of the Dungeon)

   It affects your intelligence (+3).
   It affects your dexterity (-2).
   It protects you from fire.
   It greatly protects you from cold.
 N - a +2 cloak of invisibility (worn)
 Y - the +0 mask of the Dragon (worn) {MR+ Slay+3 SInv}
   (You found it on level 5 of the Lair of Beasts)

   It affects your accuracy and damage with ranged weapons and melee attacks
   (+3).
   It affects your resistance to hostile enchantments.
   It lets you see invisible.
Magical Staves
 A - an uncursed staff of death
Jewellery
 a - a +3 ring of protection (left hand)
 k - an amulet of regeneration (around neck)
 s - an uncursed ring of protection from fire
 R - an uncursed ring of protection from cold
 T - the ring "Rehupt" (right hand) {Fire rPois Str+4 Int+4 Dex+5}
   (You bought it in a shop on level 4 of the Dungeon)

   [ring of fire]

   It enhances your fire magic.
   It affects your strength (+4).
   It affects your intelligence (+4).
   It affects your dexterity (+5).
   It protects you from fire.
   It makes you vulnerable to cold.
   It protects you from poison.
Wands
 e - a wand of iceblast (3/15)
 i - a wand of scattershot (3/9)
 j - a wand of iceblast (4/15)
 y - a wand of confusion (23/48)
 B - a wand of iceblast (4/15)
 E - a wand of iceblast (7/15)
 F - a wand of acid (1/15)
 H - a wand of random effects (24/48)
 J - a wand of disintegration (13/24)
 Z - a wand of digging (17/24)
Scrolls
 d - 9 scrolls of teleportation
 n - 7 scrolls of remove curse
 p - 5 scrolls of magic mapping
 q - a scroll of recharging
 u - 5 scrolls of blinking
 K - 4 scrolls of fog
 P - a scroll of summoning
 S - a scroll of fear
 U - 2 scrolls of immolation
Potions
 b - a potion of resistance {unknown}
 f - a potion of cancellation {unknown}
 g - 6 potions of flight {unknown}
 m - 3 potions of agility {unknown}
 v - 8 potions of heal wounds
 z - 7 potions of curing
 D - a potion of degeneration {unknown}
 G - 2 potions of might
 L - a potion of brilliance {unknown}
 O - 2 potions of mutation {unknown}
 Q - 3 potions of lignification
 W - a potion of invisibility {unknown}
Miscellaneous
 t - a lamp of fire (inert)
 w - a lightning rod (4/4)
 V - a phial of floods
 X - a phantom mirror
Comestibles
 c - 12 bread rations
 C - 23 fruits


   Skills:
 + Level 3.4 Fighting
 * Level 17.2 Dodging
 - Level 10.2 Stealth
 - Level 9.2 Spellcasting
 + Level 5.9 Summonings
 - Level 7.0 Necromancy
 - Level 2.3 Translocations
 - Level 4.5 Air Magic
 * Level 8.2 Invocations
 * Level 10.0 Evocations


You had 2 spell levels left.
You knew the following spells:

 Your Spells              Type           Power        Failure   Level  Hunger
a - Pain                  Necr           ####         1%          1    None
c - Control Undead        Necr           ######....   2%          4    None
p - Apportation           Tloc           ####..       1%          1    None
q - Summon Lightning Spi  Summ/Air       #####...     5%          4    None
r - Regeneration          Chrm/Necr      ####......   3%          3    None
s - Animate Skeleton      Necr           N/A          1%          1    None
v - Vampiric Draining     Necr           ######....   1%          3    None
z - Animate Dead          Necr           N/A          2%          4    None
O - Orb of Destruction    Conj           ##........   100%        7    #######


Dungeon Overview and Level Annotations

Branches:
Dungeon (13/15)            Temple (0/1) D:5            Lair (6/6) D:11
  Swamp (0/4) Lair:4       Spider (0/4) Lair:2        Slime (0/5) Lair:5
    Orc (0/2) D:12
 Vaults: D:13-14

Altars:
Ashenzari
Cheibriados
Elyvilon
Gozag
Hepliaklqana
Makhleb
Nemelex Xobeh
Ru
Uskayaw
Zin

Shops:
D:4 **[(}   D:7 *   D:11 =   D:12 }

Annotations:
D:1 exclusion: downstairs
D:4 AdmiralAndromeda's ghost, amateur MiFi
D:6 exclusion: downstairs
D:10 Erolcha
D:13 Frances
Lair:5 exclusion: downstairs


Innate Abilities, Weirdness & Mutations

You are very small and have problems with some larger weapons.
You are too small for most types of armour.
You have supernaturally acute eyesight. (SInv)
You are a herbivore.
You cover ground extremely quickly.
You need consume almost no food.


Message History

Things that are here:
a dagger; a robe You swap places.
Things that are here:
a dagger; a robe
Things that are here:
a vampiric dagger; a robe You swap places.
Things that are here:
a dagger; a robe Your lightning spire disappears in a puff of smoke!
Found a rapier.
Frances, Duchess of Pandemonium comes into view.
She is wielding a war axe.
The helpless Frances fails to defend herself.
You stick Frances like a pincushion!!!
Frances is poisoned.
Frances is moderately wounded.
Frances chants phrases taken from a devil's mouth.
The iron shot hits you!
Ouch! That really hurt!
You die...

#...........######.
######...#######>#
#. ......Z.)# #.#
#Z ######...# #.#
#. #...# #.# #.
#...# #.# #. #...#
#.# #. #...# #.# #.
#.@.# #.# #. #.@.#
#.# #. #...# #.# #.
#...#######.######.
#..................
#..................
#...######.........
#...# #..#######
#..# #


You could see Frances and a friendly komodo dragon zombie.

Vanquished Creatures
  A hydra (Lair:6)
  The ghost of homeworkjunkie the Cleaver, a novice HOFi of Okawaru (D:8)
  A two-headed ogre (D:8)
  A deep elf mage (D:13)
  Maurice (D:13)
  An elephant (Lair:6)
  4 black mambas
  5 spiny frogs
  A torpor snail (Lair:6)
  2 komodo dragons
  2 polar bears
  7 blink frogs
  2 hornets
  Grinder (D:6)
  4 hippogriffs
  3 spriggans
  17 yaks
  2 wraiths
  5 basilisks
  2 wyverns
  A hungry ghost (D:8)
  6 water moccasins
  4 porcupines
  An orc warrior (D:6)
  2 phantoms
  A sky beast (D:12)
  A black bear (D:7)
  A necrophage (D:5)
  5 ogres
  4 boggarts (Lair:6)
  11 wolves
  8 crocodiles
  3 centaurs
  A big kobold (D:9)
  6 bullfrogs
  A gnoll sergeant (D:9)
  A wyvern zombie (D:13)
  3 scorpions
  5 killer bees
  A wight (D:8)
  3 howler monkeys (D:10)
  An electric eel (Lair:3)
  3 crimson imps
  3 jellies
  Crazy Yiuf (D:4)
  2 centaur skeletons
  A centaur zombie (D:7)
  4 hounds
  2 orc priests
  9 orc wizards
  A bullfrog skeleton (D:9)
  A bullfrog zombie (D:10)
  3 iguanas
  Natasha (thrice) (D:4)
  8 worker ants
  A worker ant zombie (D:8)
  Robin (D:2)
  4 gnolls
  11 adders
  2 shadow imps (D:5)
  4 worms
  A dart slug (D:1)
  7 leopard geckos
  18 orcs
  5 bats
  3 giant cockroaches
  12 hobgoblins
  7 jackals
  2 quokkas
  4 ball pythons
  3 frilled lizards
  18 goblins
  8 kobolds
  2 leopard gecko zombies (D:5)
  A quokka skeleton (D:6)
  6 rats
  2 fungi
296 creatures vanquished.

Vanquished Creatures (collateral kills)
  Snorg (Lair:6)
  A two-headed ogre (D:11)
  11 spriggans (Lair:6)
  A fire crab (Lair:6)
  2 ugly things
  A cyclops (D:11)
  A manticore (D:12)
  5 elephants
  A black mamba (Lair:3)
  4 spiny frogs
  A centaur skeleton (D:12)
  2 rime drakes (Lair:5)
  8 komodo dragons
  3 hornets (Lair:6)
  8 polar bears (Lair:6)
  12 blink frogs
  3 hippogriffs
  2 dream sheep (Lair:6)
  23 yaks
  3 vampire mosquitoes (Lair:4)
  5 water moccasins
  4 porcupines (Lair:5)
  3 black bears
  A phantom (D:8)
  9 wolves
  An ogre (D:7)
  A necrophage (D:8)
  6 crocodiles
  A big kobold (D:8)
  4 bullfrogs
  3 killer bees (D:11)
  5 wights
  A bullfrog zombie (D:12)
  A hound (D:6)
  A crimson imp (D:11)
  A bullfrog skeleton (D:8)
  An orc wizard (D:8)
  A worker ant (Lair:2)
  A shadow imp (D:13)
  A worm (Lair:2)
  A leopard gecko (D:3)
  3 orcs (D:13)
  A goblin (D:2)
  A hobgoblin (D:2)
  A jackal (D:7)
  A kobold (D:8)
  A ball python (D:3)
  A jackal skeleton (D:8)
  A jackal zombie (D:7)
  A bush (Lair:4)
  2 fungi (Lair:6)
  4 plants
162 creatures vanquished.

Vanquished Creatures (others)
  4 bushes (Lair:4)
  21 fungi
  19 plants
44 creatures vanquished.

Grand Total: 502 creatures vanquished

Notes
Turn   | Place    | Note
-------+----------+-------------------------------------------
     0 | D:1      | dstrtn the Spriggan Necromancer began the quest for the Orb.
     0 | D:1      | Reached XP level 1. HP: 9/9 MP: 5/5
   583 | D:1      | Learned a level 1 spell: Animate Skeleton
   834 | D:1      | Reached XP level 2. HP: 13/13 MP: 4/6
  1615 | D:1      | Reached XP level 3. HP: 16/16 MP: 6/8
  1689 | D:1      | Learned a level 3 spell: Vampiric Draining
  1803 | D:2      | Noticed Robin
  2171 | D:2      | Found a snail-covered altar of Cheibriados.
  2925 | D:2      | Reached XP level 4. HP: 18/21 MP: 1/10
  3182 | D:2      | Killed Robin
  3891 | D:3      | Found a burning altar of Makhleb.
  3901 | D:3      | Reached skill level 4 in Dodging
  3914 | D:3      | Became a worshipper of Makhleb the Destroyer
  4340 | D:3      | Reached XP level 5. HP: 23/24 MP: 8/11
  4671 | D:3      | Learned a level 4 spell: Control Undead
  4848 | D:4      | Found Toaphe's Assorted Antiques.
  4886 | D:4      | Bought a fine robe for 142 gold pieces
  4896 | D:4      | Identified the +0 robe of the Orcish Mines {rF+ rC++ Int+3 Dex-2} (You bought it in a shop on level 4 of the Dungeon)
  4904 | D:4      | Found Zaapp's General Store.
  4905 | D:4      | Noticed Natasha
  4910 | D:4      | Found Ytelem's Armour Shop.
  4975 | D:4      | Killed Natasha
  5005 | D:4      | Noticed Natasha
  5035 | D:4      | Found Osorchox's Weapon Boutique.
  5066 | D:4      | Bought a scroll of remove curse for 30 gold pieces
  5085 | D:4      | Noticed an ogre
  5109 | D:4      | Killed Natasha
  5132 | D:4      | Reached skill level 1 in Evocations
  5274 | D:4      | Killed an ogre
  5274 | D:4      | Reached XP level 6. HP: 28/28 MP: 10/13
  5337 | D:4      | Noticed Natasha
  5351 | D:4      | Killed Natasha
  5448 | D:4      | Got a smoking robe
  5450 | D:4      | Got a coiled pewter ring
  5456 | D:4      | Identified the ring "Kamaett" {*Tele Str+3} (You found it on level 4 of the Dungeon)
  5469 | D:4      | Identified the +0 robe "Anumofas" {rPois SInv} (You found it on level 4 of the Dungeon)
  5519 | D:4      | Noticed AdmiralAndromeda's ghost (amateur MiFi)
  5561 | D:4      | Found Deheh's Gadget Shoppe.
  5618 | D:4      | Reached skill level 5 in Stealth
  5618 | D:4      | Reached skill level 5 in Necromancy
  5668 | D:4      | Reached * piety under Makhleb
  5668 | D:4      | Reached skill level 5 in Evocations
  5668 | D:4      | Reached XP level 7. HP: 25/32 MP: 3/14
  5743 | D:4      | Found a runed door.
  5747 | D:4      | Noticed Crazy Yiuf
  5809 | D:4      | Killed Crazy Yiuf
  5936 | D:4      | Bought a fuming orange potion for 22 gold pieces
  5965 | D:5      | Entered Level 5 of the Dungeon
  6015 | D:5      | Found a white marble altar of Elyvilon.
  6038 | D:5      | Found a staircase to the Ecumenical Temple.
  6523 | D:5      | Reached skill level 5 in Dodging
  6796 | D:5      | Found a burning altar of Makhleb.
  7021 | D:6      | Learned a level 1 spell: Apportation
  7429 | D:6      | Reached XP level 8. HP: 36/36 MP: 9/16
  7480 | D:6      | Noticed Grinder
  7487 | D:6      | Killed Grinder
  7487 | D:6      | Reached skill level 6 in Dodging
  7487 | D:6      | Reached skill level 5 in Spellcasting
  7875 | D:6      | Reached ** piety under Makhleb
  7998 | D:7      | Reached skill level 1 in Translocations
  8308 | D:7      | Found Kumer's General Store.
  8316 | D:7      | Bought a scroll of summoning for 114 gold pieces
  8322 | D:7      | Found an opulent altar of Gozag.
  8555 | D:7      | Reached skill level 1 in Invocations
  8589 | D:7      | Reached XP level 9. HP: 20/39 MP: 15/18
  8756 | D:7      | Reached skill level 7 in Dodging
  8875 | D:4      | Bought a scroll of fear for 35 gold pieces
  9070 | D:7      | Noticed a rust devil
  9070 | D:7      | Noticed a rust devil
  9199 | D:8      | Noticed a two-headed ogre
  9249 | D:8      | Reached skill level 8 in Dodging
  9370 | D:8      | Got a clouded platinum amulet
  9377 | D:8      | Identified the amulet "Vafiuxia" {+Rage Str+3} (You found it on level 8 of the Dungeon)
  9463 | D:8      | Found a hide-covered altar of Uskayaw.
  9463 | D:8      | Noticed homeworkjunkie's ghost (novice HOFi)
  9478 | D:8      | Reached *** piety under Makhleb
  9508 | D:8      | Reached skill level 9 in Dodging
 10271 | D:8      | Killed a two-headed ogre
 10271 | D:8      | Reached skill level 10 in Dodging
 10429 | D:9      | Found a hazy altar of Hepliaklqana.
 10431 | D:9      | Found a shattered altar of Ashenzari.
 10462 | D:9      | Found a sacrificial altar of Ru.
 10540 | D:9      | Found a sparkling altar of Nemelex Xobeh.
 10629 | D:9      | Found a glowing silver altar of Zin.
 10659 | D:9      | Reached skill level 5 in Invocations
 10865 | D:10     | Entered Level 10 of the Dungeon
 10878 | D:10     | Reached XP level 10. HP: 43/44 MP: 18/20
 11292 | D:10     | Learned a level 4 spell: Summon Lightning Spire
 11313 | D:10     | Found a shattered altar of Ashenzari.
 11442 | D:10     | Noticed Erolcha
 11834 | D:11     | Found Uguffekk's Jewellery Shop.
 12014 | D:11     | Noticed a cyclops
 12054 | D:11     | Noticed a brown ugly thing
 12202 | D:4      | Bought a glittering golden ring for 125 gold pieces
 12202 | D:4      | Bought a scroll labeled RISOAC UF REVO for 25 gold pieces
 12202 | D:4      | Bought a scroll of identify for 50 gold pieces
 12206 | D:4      | Identified the ring "Rehupt" {Fire rPois Str+4 Int+4 Dex+5} (You bought it in a shop on level 4 of the Dungeon)
 12523 | D:11     | Killed a cyan ugly thing
 12523 | D:11     | Reached skill level 11 in Dodging
 12523 | D:11     | Reached skill level 1 in Summonings
 12523 | D:11     | Reached skill level 1 in Air Magic
 12532 | D:11     | Found a staircase to the Lair.
 12636 | D:11     | Noticed a cyclops
 12650 | D:11     | Killed a cyclops
 12727 | D:11     | Noticed a two-headed ogre
 12742 | D:11     | Killed a two-headed ogre
 12742 | D:11     | Reached skill level 12 in Dodging
 12754 | D:11     | Noticed an elephant
 12767 | D:11     | Killed an elephant
 12851 | Lair:1   | Entered Level 1 of the Lair of Beasts
 12954 | Lair:1   | Learned a level 4 spell: Animate Dead
 13802 | Lair:1   | Reached skill level 13 in Dodging
 13892 | Lair:2   | Reached **** piety under Makhleb
 13892 | Lair:2   | Reached XP level 11. HP: 47/47 MP: 21/21
 13946 | Lair:2   | Learned a level 3 spell: Regeneration
 14584 | Lair:2   | Found a hole to the Spider Nest.
 15127 | Lair:3   | Found a labyrinth entrance.
 15181 | Lair:3   | Reached skill level 14 in Dodging
 15993 | Lair:4   | Found a staircase to the Swamp.
 16577 | Lair:4   | Identified the Grimoire of Feathers and Slavery
 16777 | Lair:4   | Reached skill level 15 in Dodging
 16897 | Lair:5   | Found a staircase to the Slime Pits.
 17174 | Lair:5   | Reached XP level 12. HP: 47/51 MP: 2/25
 17674 | Lair:5   | Reached skill level 10 in Stealth
 17868 | Lair:6   | Entered Level 6 of the Lair of Beasts
 17901 | Lair:6   | Reached skill level 5 in Summonings
 18030 | Lair:6   | Noticed an eight-headed hydra
 18091 | Lair:6   | Killed an eight-headed hydra
 18132 | Lair:6   | Reached skill level 16 in Dodging
 18632 | Lair:6   | Reached skill level 1 in Fighting
 18662 | Lair:6   | Noticed an eight-headed hydra
 19363 | Lair:6   | Learned a level 7 spell: Orb of Destruction
 19435 | Lair:6   | Noticed Snorg
 19447 | Lair:6   | Killed Snorg
 19650 | Lair:6   | Reached ***** piety under Makhleb
 19693 | Lair:6   | Reached XP level 13. HP: 60/60 MP: 3/27
 20310 | Lair:1   | Reached skill level 17 in Dodging
 20601 | D:4      | Bought a lightning rod (4/4) for 520 gold pieces
 20763 | D:8      | Killed homeworkjunkie's ghost
 21009 | D:12     | Found Quiw's Quality Used Wands.
 21231 | D:12     | Found a staircase to the Orcish Mines.
 21795 | D:13     | Reached skill level 10 in Evocations
 21837 | D:13     | Noticed Maurice
 21878 | D:13     | Killed Maurice
 22098 | D:13     | Noticed Frances
 22105 | D:13     | Killed from afar by Frances

Skill      XL: |  1  2  3  4  5  6  7  8  9 10 11 12 13 |
---------------+----------------------------------------+-----
Spellcasting   | 3 4 5 6 8 9 |  9.2
Necromancy     | 4 5 6 7 |  7.0
Stealth        | 4 5 6 7 8 9 10 | 10.2
Dodging        | 4 5 6 10 13 15 16 17 | 17.2
Evocations     | 4 5 6 7 8 9 10 | 10.0
Translocations | 2 |  2.3
Invocations    | 2 5 6 7 8 |  8.2
Summonings     | 3 4 5 |  5.9
Air Magic      | 3 4 |  4.5
Fighting       | 3 |  3.4

Action                   |  1- 3 |  4- 6 |  7- 9 | 10-12 | 13-15 || total
-------------------------+-------+-------+-------+-------+-------++-------
Melee: Dagger            |       |       |    33 |   135 |    54 ||   222
       Staff             |       |       |       |       |    48 ||    48
 Fire: Hunting sling     |       |       |    38 |       |       ||    38
Throw: Tomahawk          |     2 |    17 |     8 |     1 |       ||    28
 Cast: Pain              |    78 |   119 |   216 |   472 |    70 ||   955
       Animate Skeleton  |     8 |    20 |    21 |    50 |     1 ||   100
       Vampiric Draining |     6 |     4 |    11 |     1 |     3 ||    25
       Control Undead    |       |     1 |    18 |     3 |       ||    22
       Apportation       |       |       |     2 |     4 |       ||     6
       Summon Lightning  |       |       |       |    42 |    17 ||    59
       Animate Dead      |       |       |       |    32 |     6 ||    38
       Regeneration      |       |       |       |     4 |     2 ||     6
Invok: Minor Destruction |       |       |    20 |    42 |     7 ||    69
       Lesser Servant of |       |       |       |    11 |     1 ||    12
Evoke: Wand              |       |    12 |    16 |    14 |     2 ||    44
       Phial of floods   |       |       |       |     1 |       ||     1
       Lamp of fire      |       |       |       |       |     1 ||     1
  Use: Scroll            |       |    10 |     7 |    10 |     2 ||    29
 Stab: Sleeping          |       |       |     5 |    19 |    14 ||    38
       Distracted        |       |       |       |     3 |     1 ||     4
       Confused          |       |       |       |     2 |     3 ||     5
  Eat: Bread ration      |       |     1 |       |       |       ||     1
       Royal jelly       |       |       |     2 |     5 |     1 ||     8
Armor: Robe              |     3 |     2 |     9 |    23 |    13 ||    50
Dodge: Dodged            |    20 |    20 |   114 |   300 |   150 ||   604
